 Dungeon Crawl Stone Soup version 0.30-a0-4-ga7cffc901d (webtiles) character file.

Game seed: 2031860980975474637

58 purpskrrrp the Sneak (level 3, -1/27 HPs)
             Began as a Vampire Brigand on Aug 21, 2022.
             Slain by Sigmund
             ... wielding a +0 scythe
              (9 damage)
             ... on level 2 of the Dungeon.
             The game lasted 00:03:03 (1107 turns).

purpskrrrp the Sneak (Vampire Brigand)              Turns: 1107, Time: 00:03:04

Health: -1/27      AC:  4    Str: 10    XL:     3   Next: 75%
Magic:  3/3        EV: 12    Int: 13    God:
Gold:   135        SH:  0    Dex: 17    Spells: 2/2 levels left

rFire   + . .      SeeInvis +    a - +2 dagger
rCold   . . .      Faith    .    (no shield)
rNeg    . . .      Spirit   .    b - +0 robe
rPois   .          Reflect  .    h - +0 helmet
rElec   .          Harm     .    c - +0 cloak
rCorr   .          Rampage  .    (no gloves)
Will    .....                    (no boots)
Stlth   ++++......               (no amulet)
HPRegen 0.29/turn                m - ring of protection from fire
MPRegen 0.08/turn                (no ring)

@: healing quickly
A: alive, fangs 3, see invisible, vampiric 2
a: Exsanguinate


You were on level 2 of the Dungeon.
You visited 1 branch of the dungeon, and saw 2 of its levels.

You collected 135 gold pieces.

Inventory:

Hand Weapons
 a - a +2 dagger (weapon)
Missiles
 d - 13 poisoned darts (quivered)
 e - 3 curare-tipped darts
 j - a throwing net
Armour
 b - a +0 robe (worn)
 c - a +0 cloak (worn)
 h - a +0 helmet (worn)
Jewellery
 m - a ring of protection from fire (left hand)
Scrolls
 k - a scroll of blinking {unknown}
 l - a scroll of enchant weapon {unknown}
Potions
 i - a potion of mutation {unknown}


   Skills:
 + Level 2.3 Fighting
 + Level 2.8 Short Blades
 - Level 1.5 Throwing
 + Level 2.0 Dodging
 * Level 6.9 Stealth


You had 2 spell levels left.
You didn't know any spells.
Your spell library contained the following spells:

 Spells                   Type           Power      Damage    Failure   Level
 Confusing Touch          Hex            0%         N/A       67%         3
 Inner Flame              Hex/Fire       0%         N/A       67%         3
 Cause Fear               Hex            0%         N/A       97%         4
 Ice Form                 Ice/Tmut       0%         N/A       97%         4
 Summon Mana Viper        Hex/Summ       0%         N/A       100%        5


Dungeon Overview and Level Annotations

Branches:
Dungeon (2/15)

Altars:

Shops:
D:2 !

Annotations:
D:2 Sigmund


Innate Abilities, Weirdness & Mutations

Your natural rate of healing is accelerated.
You have razor-sharp teeth.
You have supernaturally acute eyesight. (SInv)
You are afflicted with vampirism and can become a bat while bloodless.


Message History

Okay, then.
Sigmund barely misses you.
There is an entrance to Utumi's Distillery here.
You closely miss Sigmund.
Your attack snaps Sigmund out of his fear.
You bite Sigmund.
Sigmund is lightly wounded.
Sigmund points at you and mumbles some strange words.
The puff of flame hits you. You resist.
You hit Sigmund. Your bite misses Sigmund.
Sigmund is lightly wounded.
Sigmund barely misses you.
You hit Sigmund.
Sigmund is moderately wounded.
Sigmund barely misses you.
You hit Sigmund.
Sigmund is moderately wounded.
You hit Sigmund.
Sigmund is heavily wounded.
Sigmund barely misses you.
You completely miss Sigmund. You bite Sigmund.
Sigmund is heavily wounded.
You barely miss Sigmund.
Sigmund is heavily wounded.
Sigmund barely misses you.
You completely miss Sigmund.
Sigmund is heavily wounded.
You hit Sigmund.
Sigmund is severely wounded.
Sigmund misses you.
You hit Sigmund.
Sigmund is severely wounded.
You hit Sigmund. You bite Sigmund.
Sigmund is almost dead.
Sigmund hits you with a +0 scythe.
* * * LOW HITPOINT WARNING * * *
You closely miss Sigmund.
Sigmund is almost dead.
Sigmund hits you with a +0 scythe!
You die...

###############
##########.............#
#........#.............#
#........#.............#
#........#..#'#........###
#........#..#.≈#.........#
#.........###.≈≈#........#####
#.........+..∩@@'.......$....#
###........##≈≈.###.####.......#
..'........+.#≈.#.....@†....?>.#
###........#..#'#...######.....#
..#........####...### ....#
#.########## ##### ...#
#.#####....# ..# ......#....# ##
#####.#....#


You could see Sigmund (invisible).

Vanquished Creatures
  2 adders (D:2)
  A worm (D:2)
  3 dart slugs
  3 bats
  4 endoplasms
  2 giant cockroaches
  4 goblins (D:1)
  A hobgoblin (D:1)
  3 kobolds
  2 quokkas (D:2)
  2 frilled lizards (D:1)
  3 rats
30 creatures vanquished.

Notes
Turn   | Place    | Note
-------+----------+-------------------------------------------
     0 | D:1      | purpskrrrp the Vampire Brigand began the quest for the Orb.
     0 | D:1      | Reached XP level 1. HP: 16/16 MP: 1/1
    84 | D:1      | Reached skill level 6 in Stealth
   137 | D:1      | Reached XP level 2. HP: 18/22 MP: 2/2
   151 | D:1      | Found a faded altar of an unknown god.
   665 | D:2      | Got the Volume of Cold and Ensorcelling
   707 | D:2      | Gained mutation: You are afflicted with vampirism and can
                  | become a bat while bloodless. [Vampire growth]
   707 | D:2      | Reached XP level 3. HP: 19/27 MP: 3/3
  1039 | D:2      | Found Utumi's Distillery.
  1059 | D:2      | Noticed Sigmund
  1107 | D:2      | Slain by Sigmund

Illustrated notes

Levels and vault maps discovered:
D:1:      sevenhm_arrival_forest_fort_small_6, layout_basic,
          basic_ecumenical_altar
D:2:      layout_basic, serial_shops, nicolae_shop_hallway_plus,
          serial_bayou_ford_a, uniq_sigmund

Skill      XL: |  1  2  3 |
---------------+----------+-----
Stealth        | 6 |  6.9
Fighting       | 2 |  2.3
Dodging        | 2 |  2.0
Short Blades   | |  2.8
Throwing       | |  1.5

Action                   || total
-------------------------++-------
Melee: Dagger            ||   125
       Bite              ||    10
       Punch             ||     2
  Use: Scroll            ||     1
       Potion            ||     1
 Stab: Sleeping          ||     9
Armor: Robe              ||    39
Dodge: Dodged            ||    71

Table legend: (Time is in decaauts)
 A = Elapsed time spent in this place.
 B = Non-inter-level travel time spent in this place.
 C = Inter-level travel time spent in this place.
 D = Time resting spent in this place.
 E = Time spent auto-exploring this place.
 F = Levels seen in this place.
 G = Mean time per level.
                   A        B        C        D        E       F      G
               +--------+--------+--------+--------+--------+-----+--------+
         Total |   1099 |   1079 |     20 |      0 |    801 |   2 |  549.5 |
       Dungeon |   1099 |   1079 |     20 |      0 |    801 |   2 |  549.5 |
               +--------+--------+--------+--------+--------+-----+--------+

Top non-repeatable levels by time:
     D:1: 561 daAuts
     D:2: 538 daAuts
